AoeStats
← Косипоша

Arabia

509153999Analyzed
3v3 RM · 8d ago on Sep 25, 2026· 68m 52s· 6 players
Game mode
Random Map
Map size
Normal (6 player)
Population
200
Speed
Normal
Resources
Standard
Victory
Conquest
Starting age
Dark Age
Ending age
Imperial Age
RankedLock teamsTeams togetherTeam positionsShared explorationLock speedFull tech treeHidden civsTurbo modeCheats
Victory
Defeat
🇸🇰 Bulgarians · Slovakia
847
+17
🇺🇦 Armenians · Ukraine
795
+19
🇺🇦 Bohemians · Ukraine
716
+22
🇷🇺 Italians · Russia
981
-23
🇷🇺 Wei · Russia
886
-20
🇮🇪 Dravidians · Ireland
742
-15
Чебурек
11:08 Feudal Age
11:53 Double-Bit Axe
12:56 Scale Mail Armor
13:35 Forging
14:42 Arson
16:10 Horse Collar
23:41 Castle Age
22:56 Scale Barding Armor
23:17 Gold Mining
23:18 Stone Mining
25:24 Gambesons
26:17 Bow Saw
26:34 Chain Barding Armor
27:30 Heavy Plow
28:50 Wheelbarrow
28:03 Loom
32:10 Hand Cart
32:57 Iron Casting
33:16 Elite Skirmisher
36:20 Masonry
38:29 Stone Mining
41:12 Imperial Age
43:13 Ballistics
43:23 Architecture
43:56 Chemistry
45:04 Elite Konnik
46:21 Stirrups
46:04 Pikeman
46:45 Squires
48:36 Husbandry
50:31 Plate Barding Armor
50:57 Blast Furnace
53:09 Bagains
✩TyBys✩ azov
12:36 Feudal Age
13:01 Man-at-Arms
14:15 Double-Bit Axe
15:15 Scale Mail Armor
16:53 Forging
18:07 Arson
18:55 Long Swordsman
20:42 Bloodlines
20:33 Horse Collar
28:57 Castle Age
29:03 Two-Handed Swordsman
35:13 Squires
38:48 Stone Mining
40:13 Wheelbarrow
41:00 Sanctity
41:41 Bow Saw
42:10 Gambesons
43:22 Husbandry
42:42 Light Cavalry
43:40 Gold Mining
44:44 Padded Archer Armor
44:34 Fletching
45:24 Iron Casting
46:14 Hand Cart
49:00 Gold Shaft Mining
49:59 Chain Mail Armor
51:38 Champion
59:55 Guard Tower
61:17 Ballistics
Raccoon
11:13 Feudal Age
12:39 Double-Bit Axe
17:10 Wheelbarrow
17:55 Horse Collar
17:41 Man-at-Arms
19:53 Forging
26:24 Castle Age
28:11 Bow Saw
28:08 Heavy Plow
28:48 Hand Cart
28:44 Scale Mail Armor
29:22 Iron Casting
28:28 Pikeman
28:29 Long Swordsman
29:10 Squires
28:56 Arson
30:51 Chain Mail Armor
34:48 Loom
36:02 Ballistics
36:42 Chemistry
39:55 Imperial Age
42:44 Blast Furnace
46:03 Two-Man Saw
45:46 Scale Barding Armor
46:12 Plate Mail Armor
45:42 Padded Archer Armor
45:33 Fletching
46:07 Bombard Tower
47:56 Elite Hussite Wagon
63:09 Masonry
63:04 Siege Engineers
62:55 Murder Holes
63:10 Fortified Wall
62:51 Guard Tower
62:46 Arrowslits
63:22 Bombard Tower
62:32 Houfnice
65:39 Elite Skirmisher
65:39 Crossbowman
68:22 Spies/Treason
Косипоша
12:08 Feudal Age
49:38 Wheelbarrow
Zalypuch
2:04 Loom
11:08 Feudal Age
11:52 Double-Bit Axe
11:49 Horse Collar
18:04 Fletching
20:18 Castle Age
20:23 Crossbowman
21:02 Bodkin Arrow
21:21 Bow Saw
21:13 Heavy Plow
22:25 Padded Archer Armor
23:33 Gold Mining
25:38 Ballistics
27:26 Leather Archer Armor
28:19 Wheelbarrow
37:31 Imperial Age
35:32 Fortified Wall
35:33 Masonry
37:00 Silk Road
38:14 Bracer
38:44 Ring Archer Armor
37:54 Arbalester
39:47 Chemistry
40:55 Crop Rotation
41:31 Two-Man Saw
42:15 Conscription
43:12 Caravan
45:29 Town Watch
46:00 Hand Cart
46:39 Town Patrol
59:24 Elite Skirmisher
TurkishKarpet
7:11 Loom
7:46 Loom
10:12 Feudal Age
10:15 Man-at-Arms
11:01 Double-Bit Axe
15:16 Fletching
20:59 Gold Mining
24:42 Castle Age
27:52 Bow Saw
28:09 Bodkin Arrow
28:33 Padded Archer Armor
28:20 Horse Collar
30:00 Thumb Ring
30:58 Leather Archer Armor
35:02 Ballistics
41:50 Scale Barding Armor
42:51 Bloodlines
42:41 Husbandry
43:06 Forging
51:49 Imperial Age
Connection lost

Rejoining the realm…

Still unreachable

The connection could not be restored.

Session expired

The server has moved on; the page needs a fresh start.